 Dungeon Crawl Stone Soup version 0.30-a0-845-g7c6808c8ce (webtiles) character file.

Game seed: 4645681797142249694

107 Dittersdorf the Trooper (level 4, -2/29 HPs)
             Began as a Gargoyle Fighter on Mar 2, 2023.
             Slain by an iron imp (7 damage)
             ... summoned by Natasha
             ... on level 2 of the Dungeon.
             The game lasted 00:01:40 (1415 turns).

Dittersdorf the Trooper (Gargoyle Fighter)          Turns: 1415, Time: 00:01:40

Health: -2/29      AC: 13    Str: 22    XL:     4   Next: 85%
Magic:  4/4        EV:  9    Int:  8    God:
Gold:   92         SH:  4    Dex:  9    Spells: 3/3 levels left

rFire   . . .      SeeInvis .    a - +0 flail
rCold   . . .      Faith    .    c - +0 buckler
rNeg    + . .      Spirit   .    b - +0 scale mail
rPois   ∞          Reflect  .    i - +0 helmet
rElec   +          Rampage  .    k - +0 cloak
rCorr   .                        (no gloves)
Will    .....                    (no boots) Stlth
                                 (no amulet)
HPRegen 0.24/turn                (no ring)
MPRegen 0.09/turn                (no ring)

@: no status effects
A: sickness immunity, AC +3, negative energy resistance 1, electricity
resistance, torment resistance 1, petrification resistance
a: no special abilities


You were on level 2 of the Dungeon.
You visited 1 branch of the dungeon, and saw 2 of its levels.

You collected 92 gold pieces.

Inventory:

Hand Weapons
 a - a +0 flail (weapon)
Armour
 b - a +0 scale mail (worn)
 c - a +0 buckler (worn)
 h - a +0 plate armour
 i - a +0 helmet (worn)
 k - a +0 cloak (worn)
Scrolls
 f - a scroll of identify {unknown}
 j - 3 scrolls of teleportation {unknown}
 l - a scroll of noise {unknown}
 m - a scroll of magic mapping {unknown}
Potions
 d - a potion of might
 e - a potion of degeneration {unknown}
 g - 5 potions of curing {unknown}


   Skills:
 + Level 4.1 Fighting
 + Level 3.0 Maces & Flails
 + Level 4.1 Armour
 + Level 4.0 Shields


You had 3 spell levels left.
You didn't know any spells.
Your spell library contained the following spells:

 Spells                   Type           Power      Damage    Failure   Level
 Dazzling Flash           Conj/Hex       0%         N/A       99%         3
 Iskenderun's Mystic Bla  Conj/Tloc      0%         2d3       100%        4
 Starburst                Conj/Fire      0%         6d3       100%        6


Dungeon Overview and Level Annotations

Branches:
Dungeon (2/15)

Altars:

Annotations:
D:2 Natasha


Innate Abilities, Weirdness & Mutations

You are immune to sickness and miasma.
Your stone body is resilient. (AC +3)
You are immune to poison.
You resist negative energy. (rN+)
You are resistant to electric shocks. (rElec)
You are resistant to unholy torment.
You are immune to petrification.


Message History

The crimson imp hits you but does no damage.
Natasha casts a spell at you. The magic dart hits you.
The crimson imp hits you but does no damage.
Natasha closely misses you.
You hit the crimson imp.
The crimson imp is moderately wounded.
The crimson imp hits you.
Natasha stares at you and mumbles some strange words.
The magic dart hits you!
* * * LOW HITPOINT WARNING * * *
You are too injured to fight recklessly!
You are too injured to fight recklessly!
You are too injured to fight recklessly!
You are too injured to fight recklessly!
You are too injured to fight recklessly!
You are too injured to fight recklessly!
You barely miss Natasha.
The crimson imp blinks!
Natasha casts a spell.
You hit Natasha but do no damage. Natasha barely misses you.
You barely miss Natasha. You block Natasha's attack.
Natasha claws you but does no damage.
You sock Natasha!
Natasha is severely wounded.
Natasha claws you.
* * * LOW HITPOINT WARNING * * *
The iron imp closely misses you.
You closely miss Natasha.
Natasha is severely wounded.
The crimson imp disappears in a puff of smoke!
You block Natasha's attack. The iron imp barely misses you.
You barely miss Natasha.
Natasha is severely wounded.
Natasha claws you but does no damage. The iron imp misses you.
Natasha closely misses you.
You barely miss Natasha.
Natasha is severely wounded.
The iron imp spits at you. The iron imp hits you!
You die...

#####.#.#.# #...........#..#.#
##.#)#.# #...........#..#.#
#....#.# #..#..###...#..#..
#....#.# #..#........#..#..
#....#.# #..#.##.....#..#..
##'#.#.# #..#..............
#.#.#.# ##...........#..#..
#######.#.#.###..........#....)..
........#.#.....@5..###.......#..
###♣♣.♣♣#.#.###.#h..####.##..<#.#
♣~P♣.......<...)..........#.#
♣~~♣♣.#####.#.#....#.####.#..
♣♣.♣♣♣.........#.##.#.........
♣♣♣P.♣♣♣♣♣♣###.#.#.##...####.#.#
♣♣~.~~~.♣♣♣~........#. ... #.#.#
..~~~..~~....####.### ## #.#..
♣♣♣.~~~~♣♣~♣## #####.####..#.#..


You could see an iron imp (summoned) and Natasha.

Vanquished Creatures
  Natasha (D:2)
  3 gnolls (D:2)
  4 endoplasms
  2 giant cockroaches (D:1)
  6 goblins
  8 hobgoblins (D:1)
  4 jackals (D:1)
  2 quokkas (D:1)
  5 ball pythons
  3 bats
  7 kobolds
  3 rats
48 creatures vanquished.

Notes
Turn   | Place    | Note
-------+----------+-------------------------------------------
     0 | D:1      | Dittersdorf the Gargoyle Fighter began the quest for the
                  | Orb.
     0 | D:1      | Reached XP level 1. HP: 14/14 MP: 1/1
    76 | D:1      | Reached XP level 2. HP: 10/19 MP: 2/2
   321 | D:1      | Reached XP level 3. HP: 22/23 MP: 3/3
   897 | D:2      | Reached XP level 4. HP: 13/29 MP: 4/4
  1173 | D:2      | Noticed Natasha
  1182 | D:2      | Killed Natasha
  1393 | D:2      | Noticed Natasha
  1415 | D:2      | Slain by an iron imp

Illustrated notes

Levels and vault maps discovered:
D:1:      zaba_arrival_water, layout_loops_ring, st_stairs_7, minivault_24
D:2:      layout_basic, serial_aquarium, aquarium_bridge_long_joined
          [aquarium_subvault_bridge, aquarium_subvault_window,
          aquarium_subvault_bridge, aquarium_subvault_balcony,
          aquarium_subvault_balcony, aquarium_subvault_bridge],
          aquarium_window_fake, aquarium_window_1, aquarium_window_2,
          aquarium_view_4, aquarium_view_2e, aquarium_pool_2,
          serial_bayou_crossing, uniq_natasha

Skill      XL: |  1  2  3  4 |
---------------+-------------+-----
Fighting       | 4 |  4.1
Armour         | 4 |  4.1
Shields        | 4 |  4.0
Maces & Flails | 3 |  3.0

Action                     |  1- 3 |  4- 6 || total
---------------------------+-------+-------++-------
  Melee: Flail             |   118 |    53 ||   171
 Armour: Scale mail        |    50 |    31 ||    81
  Dodge: Dodged            |    63 |    27 ||    90
  Block: Buckler           |    27 |    21 ||    48

Table legend: (Time is in decaauts)
 A = Elapsed time spent in this place.
 B = Non-inter-level travel time spent in this place.
 C = Inter-level travel time spent in this place.
 D = Time resting spent in this place.
 E = Time spent auto-exploring this place.
 F = Levels seen in this place.
 G = Mean time per level.
                   A        B        C        D        E       F      G
               +--------+--------+--------+--------+--------+-----+--------+
         Total |   1482 |   1416 |     66 |      0 |   1038 |   2 |  741.0 |
       Dungeon |   1482 |   1416 |     66 |      0 |   1038 |   2 |  741.0 |
               +--------+--------+--------+--------+--------+-----+--------+

Top non-repeatable levels by time:
     D:1: 846 daAuts
     D:2: 635 daAuts
